 Dungeon Crawl Stone Soup version 0.14-a0-2632-gd2f732a (webtiles) character file.

963 4tharraofdagon the Poker (level 7, -3/60 HPs)
             Began as a Centaur Gladiator on Feb 15, 2014.
             Was a Follower of Dithmenos.
             Slain by a malarious mermaid
             ... wielding a +0,+0 trident
              (7 damage)
             ... in a sewer.
             The game lasted 00:14:52 (1728 turns).

4tharraofdagon the Poker (Centaur Gladiator)        Turns: 1728, Time: 00:14:52

HP  -3/60        AC  7     Str 24      XL: 7   Next: 71%
MP   7/7         EV  8     Int  7      God: Dithmenos [*.....]
Gold 105         SH  0     Dex 10      Spells:  0 memorised,  6 levels left

rFire  . . .     SeeInvis .     a - +0 trident
rCold  . . .     Clarity  .     m - +0 orc ring mail
rNeg   . . .     Conserve .     (no shield)
rPois  .         rCorr    .     c - +0 helmet
rElec  .         rRot     .     (no cloak)
SustAb . .       Spirit   .     (no gloves)
rMut   .         Warding  .     (no barding)
Saprov . . .     Stasis   .     (no amulet)
MR     .....                    (no ring)
                                (no ring)

@: mesmerised, mighty, wreathed by umbra, very quick, not resistant to hostile
enchantments, extremely unstealthy
A: hooves 3, deformed body, herbivore 1, speed 2, fast metabolism 1, tough skin
3
a: Renounce Religion


You were in a sewer.
You worshipped Dithmenos.
Dithmenos was aware of your devotion.
You were not hungry.

You visited 2 branches of the dungeon, and saw 7 of its levels.
You also visited: Sewer.

You collected 105 gold pieces.

Inventory:

Hand weapons
 a - a +0,+0 trident (weapon)
 d - a +0,+0 bow
 i - a +2,+3 sling
Missiles
 e - 14 arrows of dispersal
 k - 4 tomahawks (quivered)
 o - 2 curare-tipped needles
Armour
 b - a +0 leather armour
 c - a +0 helmet (worn)
 m - a +0 orcish ring mail (worn)
Magical devices
 l - a wand of paralysis (17)
 r - a wand of cold (9)
Comestibles
 f - 5 bread rations
 q - a meat ration
 v - a chunk of ball python flesh
Scrolls
 g - 4 scrolls of remove curse {unknown}
 h - a scroll of enchant armour {unknown}
 j - a scroll of identify {unknown}
 n - a scroll of fear {unknown}
 s - a scroll of enchant weapon I {unknown}
 t - a scroll of magic mapping {unknown}
 u - 2 scrolls of immolation
Potions
 p - a potion of poison


   Skills:
 + Level 4.5 Fighting
 * Level 6.1 Polearms
 - Level 2.6 Throwing
 + Level 2.8 Armour
 - Level 2.1 Dodging
 + Level 2.1 Evocations


You had 6 spell levels left.
You didn't know any spells.

Dungeon Overview and Level Annotations

Branches:
Dungeon (6/16)             Temple (1/1) D:4

Altars:
Dithmenos
Kikubaaqudgha
Nemelex Xobeh
Okawaru
Trog
Vehumet
Xom

Annotations:
D:4 Menkaure


Innate Abilities, Weirdness & Mutations

You have hooves in place of feet.
Armour fits poorly on your strangely shaped body.
You digest meat inefficiently.
You cover ground very quickly.
You have a fast metabolism.
You have extremely tough skin (AC +3).


Message History

The malarious mermaid is heavily wounded.
The malarious mermaid hits you with a trident!
* * * LOW HITPOINT WARNING * * *
You barely miss the malarious mermaid.
The malarious mermaid is heavily wounded.
Unknown command.
Drink which item? (? for menu, Esc to quit)
You feel very mighty all of a sudden.
The malarious mermaid chants her luring song.
Unknown command.
You hit the malarious mermaid. Your kick misses the malarious mermaid.
The malarious mermaid is almost dead.
The malarious mermaid hits you with a trident.
* * * LOW HITPOINT WARNING * * *
Unknown command.
You hit the malarious mermaid but do no damage.
Your kick misses the malarious mermaid.
The malarious mermaid is almost dead.
The malarious mermaid hits you with a trident!
You die...

### ##...≈
#...≈≈≈
#######...≈≈≈#
#.%..%@.≈≈≈≈≈#
#.##≈≈m≈≈≈≈≈≈#
#.#≈≈≈###≈####
###########≈≈≈###
..
≈≈≈≈≈≈≈≈≈≈≈≈≈≈#
$$#
≈≈≈≈≈########## #
######## .≈≈≈≈∩∩#
#.≈≈≈###


You could see a malarious mermaid.

Vanquished Creatures
  A centaur (D:5)
  An ogre (D:6)
  A giant frog (D:6)
  A crimson imp (D:5)
  2 hounds
  A giant frog skeleton (D:5)
  3 orc wizards
  A scorpion (D:4)
  An iguana (D:5)
  3 worker ants
  Ijyb (D:4)
  An ogre skeleton (D:5)
  3 gnolls (D:6)
  11 adders
  5 giant mites (D:6)
  2 grey rats (Sewer)
  6 giant geckos
  16 orcs
  4 ball pythons (Sewer)
  5 bats
  3 hobgoblins
  4 giant cockroaches
  3 giant newts
  4 goblins
  A hobgoblin zombie (D:6)
  A jackal zombie (D:5)
  7 kobolds
  A kobold skeleton (D:5)
  2 quokkas
  9 rats
104 creatures vanquished.

Notes
Turn   | Place    | Note
--------------------------------------------------------------
     0 | D:1      | 4tharraofdagon, the Centaur Gladiator, began the quest for the Orb.
     0 | D:1      | Reached XP level 1. HP: 17/17 MP: 1/1
    37 | D:2      | Reached skill level 3 in Polearms
    37 | D:2      | Reached XP level 2. HP: 24/24 MP: 2/2
   117 | D:2      | Reached XP level 3. HP: 26/30 MP: 3/3
   180 | D:2      | Reached skill level 1 in Armour
   211 | D:2      | Reached XP level 4. HP: 34/37 MP: 3/3
   419 | D:4      | Reached skill level 4 in Polearms
   512 | D:4      | Reached XP level 5. HP: 20/45 MP: 4/4
   636 | D:4      | Noticed Menkaure
   668 | D:5      | Entered Level 5 of the Dungeon
   668 | D:5      | Found a shimmering altar of Xom.
   669 | D:5      | Noticed a centaur
   690 | D:5      | Killed a centaur
   690 | D:5      | Reached XP level 6. HP: 31/51 MP: 5/5
   700 | D:5      | Reached skill level 5 in Polearms
   791 | D:4      | Noticed Ijyb
   796 | D:4      | Killed Ijyb
   840 | D:4      | Found a staircase to the Ecumenical Temple.
   850 | Temple   | Entered the Ecumenical Temple
   885 | Temple   | Became a worshipper of Dithmenos
  1220 | D:6      | Found a sparkling altar of Nemelex Xobeh.
  1276 | D:6      | Reached skill level 1 in Evocations
  1276 | D:6      | Reached XP level 7. HP: 22/59 MP: 5/6
  1461 | D:6      | Reached skill level 6 in Polearms
  1584 | D:6      | Found a glowing drain.
  1600 | Sewer    | Entered a sewer
  1728 | Sewer    | Slain by a malarious mermaid

Action                   |  1- 3 |  4- 6 |  7- 9 || total
-------------------------+-------+-------+-------++-------
Melee: Trident           |    43 |   175 |   123 ||   341
Throw: Throwing net      |     6 |     7 |       ||    13
       Tomahawk          |       |     2 |     4 ||     6
Evoke: Wand              |       |     3 |       ||     3
  Use: Potion            |     3 |     2 |     9 ||    14
       Scroll            |       |     2 |       ||     2
 Stab: Held in net/web   |       |     2 |       ||     2
       Paralysed         |       |     2 |       ||     2
